Map: At Eternity's Edge LE

Players

Brightscales

  • Race: Protoss Protoss
  • League: Platinum

A.I. 1 (Very Easy)

  • Race: Terran Terran

VOD

Have the link to the VOD?

Description

Time

  • Played on: Aug. 28, 2026, 2:33 a.m.
  • Length: 3:51
Show
View Real Time Build Order
Export as new Build Order

Brightscales Protoss 

Build Orders:  

Get SALT Encoding   

  8  0:00  Probe (Chrono Boost)  
  9  0:12  Probe (Chrono Boost)  
  10  0:18  Probe (Chrono Boost)  
  11  0:27  Probe  
  12  0:33  Pylon  
  12  0:40  Probe  
  13  0:52  Probe  
  14  0:58  Gateway  
  14  1:04  Probe  
  14  1:09  Assimilator  
  15  1:16  Probe  
  16  1:28  Probe  
  17  1:50  Nexus  
  17  2:01  Cybernetics Core  
  17  2:04  Probe  
  18  2:16  Probe (Chrono Boost)  
  18  2:22  Pylon  
  19  2:27  Probe (Chrono Boost), Assimilator  
  20  2:32  Probe (Chrono Boost)  
  21  2:39  Adept (Chrono Boost)  
  21  2:43  Probe  
  24  2:56  Probe  
  25  3:01  Adept (Chrono Boost)  
  25  3:03  Probe  
  28  3:14  Probe  
  28  3:15  Probe  
  30  3:26  Probe  
  31  3:27  Sentry  
  31  3:30  Probe  
  34  3:37  Gateway  
  34  3:38  Probe  
  35  3:47  Pylon  
Show
View Real Time Build Order
Export as new Build Order

A.I. 1 (Very Easy) Terran 

Build Orders:  

Get SALT Encoding   

  8  0:00  SCV  
  9  0:13  SCV  
  10  0:25  SCV  
  11  0:37  SCV  
  12  0:45  Supply Depot  
  12  0:49  SCV  
  13  1:07  SCV  
  13  1:09  Refinery  
  14  1:11  Barracks  
  14  1:35  Supply Depot  
  14  1:43  Refinery  
  14  1:58  Marine  
  14  2:00  SCV  
  16  2:13  SCV  
  17  2:25  SCV  
  18  2:33  Marine  
  19  2:37  SCV  
  20  2:49  SCV  
  21  2:53  Supply Depot  
  21  3:01  SCV  
  22  3:08  Marine  
  23  3:14  Orbital Command  
Tags
 
Add a new tag
Caveats
  • Supply blocks, unpowered buildings, or Contaminate may cause inaccurate times.
  • Supply counts are checked every 10 seconds.